AoeStats
← El Tlacuache

Fortress

510473521Analyzed
1v1 RM · 2d ago on Oct 1, 2026· 31m 38s· 2 players
Game mode
Random Map
Map size
Small (3 player)
Population
200
Speed
Normal
Resources
Standard
Victory
Conquest
Starting age
Dark Age
Ending age
Imperial Age
RankedLock teamsTeams togetherTeam positionsShared explorationLock speedFull tech treeHidden civsTurbo modeCheats
Victory
Defeat
🇻🇳 Cumans · Vietnam
1749
+8
🇲🇽 Khmer · Mexico
1572
-8
aKetbuscugioi
5:59 Feudal Age
7:24 Wheelbarrow
6:35 Double-Bit Axe
11:30 Horse Collar
14:25 Stone Mining
17:02 Castle Age
15:07 Gold Mining
15:51 Loom
21:11 Imperial Age
18:41 Fletching
21:13 Bodkin Arrow
21:38 Bow Saw
22:16 Padded Archer Armor
27:30 Elite Kipchak
29:11 Leather Archer Armor
28:56 Scale Mail Armor
29:07 Forging
28:36 Pikeman
30:27 Squires
31:04 Halberdier
El Tlacuache
6:15 Loom
8:16 Feudal Age
11:32 Castle Age
11:11 Double-Bit Axe
17:24 Town Watch
22:19 Imperial Age
21:09 Gold Mining
28:38 Cavalier
29:29 Bloodlines
31:32 Husbandry
Connection lost

Rejoining the realm…

Still unreachable

The connection could not be restored.

Session expired

The server has moved on; the page needs a fresh start.